 Dungeon Crawl Stone Soup version 0.30-a0-556-g0a0f5a245f (webtiles) character file.

Game seed: 1506505323997190387

11488 Bnni the Skirmisher (level 12, -2/94 HPs)
             Began as a Formicid Hexslinger on Dec 27, 2022.
             Was a High Priest of Okawaru.
             Slain by a white ugly thing (33 damage)
             ... on level 9 of the Dungeon.
             The game lasted 00:23:59 (9799 turns).

Bnni the Skirmisher (Formicid Hexslinger)           Turns: 9799, Time: 00:23:59

Health: -2/94      AC: 10    Str: 16    XL:     12   Next: 8%
Magic:  26/26      EV: 12    Int: 15    God:    Okawaru [*****.]
Gold:   224        SH:  8    Dex: 16    Spells: 6/17 levels left

rFire   + + .      SeeInvis +    y - +2 shortbow (flame)
rCold   . . .      Faith    .    K - +3 buckler of Impermeability {MP+9}
rNeg    . . .      Spirit   .    m - +2 robe {rF+}
rPois   .          Reflect  .    (helmet unavailable)
rElec   .          Harm     .    (no cloak)
rCorr   .          Rampage  .    D - +1 pair of gloves
Will    +....                    (no boots)
Stlth   +                        t - amulet of magic regeneration
HPRegen 0.35/turn                e - +4 ring of protection
MPRegen 0.60/turn                a - ring of protection from fire

@: studying Polearms
A: permanent stasis, dig shafts and tunnels, antennae 3, four strong arms
a: Dig, Shaft Self, Renounce Religion, Heroism, Finesse, Duel


You were on level 9 of the Dungeon.
You worshipped Okawaru.
Okawaru was extremely pleased with you.
You visited 2 branches of the dungeon, and saw 10 of its levels.

You collected 628 gold pieces.
You spent 404 gold pieces at shops.

Inventory:

Hand Weapons
 n - a +0 arbalest
 y - a +2 shortbow of flaming (weapon)
Missiles
 J - a curare-tipped dart
Armour
 m - a +2 robe of fire resistance (worn)
 D - a +1 pair of gloves (worn)
 K - the +3 buckler of Impermeability (worn) {MP+9}
   (You found it on level 9 of the Dungeon)

   MP:        It affects your magic capacity (+9).
Jewellery
 a - a ring of protection from fire (right hand)
 c - a ring of flight
 e - a +4 ring of protection (left hand)
 t - an amulet of magic regeneration (around neck)
Wands
 x - a wand of digging (3)
 B - a wand of iceblast (10)
 I - a wand of flame (15)
Scrolls
 b - a scroll of poison
 g - 2 scrolls of vulnerability {unknown}
 h - 4 scrolls of magic mapping
 k - 3 scrolls of torment
 l - a scroll of brand weapon
 p - 3 scrolls of enchant armour {unknown}
 s - a scroll of fog
 A - a scroll of enchant weapon {unknown}
 F - a scroll of silence
 H - a scroll of immolation
Potions
 d - 2 potions of might
 f - 4 potions of curing {unknown}
 i - a potion of mutation {unknown}
 j - 2 potions of flight {unknown}
 o - a potion of ambrosia
 q - a potion of cancellation
 r - a potion of haste {unknown}
 u - a potion of attraction {unknown}
 v - 2 potions of heal wounds {unknown}
 w - 3 potions of lignification {unknown}
 z - a potion of brilliance {unknown}
 G - a potion of magic {unknown}


   Skills:
 + Level 8.9 Fighting
 * Level 11.6 Ranged Weapons
 - Level 1.7 Dodging
 - Level 5.0 Shields
 - Level 3.0 Spellcasting
 - Level 10.0 Hexes
 - Level 3.0 Translocations
 - Level 3.0 Fire Magic
 + Level 7.3 Invocations


You had 6 spell levels left.
You knew the following spells:

 Your Spells              Type           Power      Damage    Failure   Level
a - Slow                  Hex            100%       N/A       1%          1
b - Inner Flame           Hex/Fire       21%        N/A       4%          3
c - Portal Projectile     Hex/Tloc       42%        N/A       4%          3
d - Cause Fear            Hex            16%        N/A       3%          4

Your spell library contained the following spells:

 Spells                   Type           Power      Damage    Failure   Level
 Confusing Touch          Hex            32%        N/A       1%          3
 Shock                    Conj/Air       8%         1d3       24%         1
 Frozen Ramparts          Ice            4%         1d1       56%         3
 Hailstorm                Conj/Ice       2%         3d3       56%         3
 Vampiric Draining        Necr           2%         2d6       56%         3
 Airstrike                Air            1%         2d(1-17)  93%         4
 Ice Form                 Ice/Tmut       2%         N/A       93%         4
 Fireball                 Conj/Fire      3%         3d4       98%         5
 Iskenderun's Battlesphe  Conj           2%         2d6       100%        5
 Conjure Ball Lightning   Conj/Air       1%         3x3d6     100%        6
 Orb of Destruction       Conj           1%         9d5       100%        7
 Swiftness                Air            Unusable   N/A       N/A         3
 Summon Ice Beast         Ice/Summ       Unusable   N/A       N/A         4
 Simulacrum               Ice/Necr       Unusable   N/A       N/A         6

Dungeon Overview and Level Annotations

Branches:
Dungeon (9/15)             Temple (1/1) D:6
   Lair: D:8-11         Orc: D:9-12

Altars:
Ashenzari
Cheibriados
Dithmenos
Elyvilon
Fedhas
Gozag
Hepliaklqana
Kikubaaqudgha
Makhleb
Nemelex Xobeh
Okawaru
Qazlal
Ru
Sif Muna
Trog
Uskayaw
Vehumet
Wu Jian
Xom
Yredelemnul
Zin
The Shining One

Shops:
D:8 :   D:9 [


Innate Abilities, Weirdness & Mutations

You cannot be hasted, slowed, berserked, paralysed or teleported.
You can dig through walls and to a lower floor.
You have a pair of large antennae on your head. (SInv)
Your four strong arms can wield two-handed weapons with a shield.


Message History

The tengu conjurer hits you but does no damage.
The tengu conjurer pecks you but does no damage.
The tengu conjurer claws you but does no damage.
You shoot an arrow. The arrow misses the tengu conjurer.
The arrow hits the deep elf pyromancer!
The arrow burns the deep elf pyromancer.
The deep elf pyromancer is heavily wounded.
The deep elf pyromancer barely misses you.
The deep elf pyromancer gestures wildly while chanting.
The tengu conjurer closely misses you.
The tengu conjurer pecks you but does no damage.
The tengu conjurer barely misses you.
The white ugly thing tentacle-slaps you but does no damage.
You shoot an arrow.
The arrow hits the tengu conjurer but does no damage.
The tengu conjurer is severely wounded.
The deep elf pyromancer casts a spell.
The deep elf pyromancer blinks!
The tengu conjurer gestures at you while chanting.
The bolt of lightning hits you! The white ugly thing barely misses you.
You hear a shout! x2; You hear a horrible gurgling sound!
You shoot an arrow. The arrow hits the tengu conjurer.
Flame seeps out of the tengu conjurer.
The arrow burns the tengu conjurer.
Flame seeps out of the tengu conjurer.
The tengu conjurer is almost dead.
The tengu conjurer is engulfed in blazing flames.
Okawaru accepts your kill.
The tengu conjurer explodes!
The fiery explosion engulfs the deep elf pyromancer!!!
You kill the deep elf pyromancer!
Okawaru accepts your kill.
You can now enter into single combat with a foe.
Okawaru will now gift you equipment as you gain piety.
The fiery explosion engulfs you! You resist.
The white ugly thing tentacle-slaps you but does no damage.
Unknown command.
The white ugly thing attacks as you move away!
The white ugly thing tentacle-slaps you!
The white ugly thing freezes you!!
You die...

.......#### ######### .......# #
# .......# #. .# .......# #.. ..#
#####'## ##'#######'## #.##
#...#...#...# #### #..#
#..e§§§.'...# #... ######'##
{#°§u#...# #... .......<#
##@###### #... ........# #...#
#... ........##########.# #...
........'.......##.###########..<
........#######....[.........'...
........# ####.###########...
........# ##.# #... ######'##
#..# ###' #..# #.## #.


You could see a white ugly thing and a deep elf pyromancer.

Vanquished Creatures
  Gastronok (D:8)
  A two-headed ogre (D:7)
  Pikel (D:5)
  A deep elf pyromancer (D:9)
  A cyclops (D:8)
  Maggie (D:9)
  Psyche (D:9)
  A tengu conjurer (D:9)
  3 trolls
  A hornet (D:8)
  A vampire (D:8)
  Sigmund (D:2)
  13 yaks
  A vampire mosquito (D:9)
  3 water moccasins
  2 ice beasts
  A sky beast (D:6)
  6 orc warriors
  3 black bears
  A boggart (D:9)
  An ogre (D:5)
  5 centaurs
  3 phantoms
  2 gnoll sergeants
  3 scorpions
  2 kobold brigands
  2 necrophages (D:6)
  3 bullfrogs
  11 wights
  2 jellies
  6 orc priests
  7 hounds
  A gnoll bouda (D:8)
  16 orc wizards
  2 iguanas
  Natasha (thrice) (D:3)
  8 gnolls
  9 adders
  2 white imps (D:7)
  2 ufetubi
  A worm (D:2)
  2 dart slugs
  39 orcs
  9 bats
  7 endoplasms
  A giant cockroach (D:2)
  4 goblins
  6 hobgoblins
  7 jackals (D:4)
  6 quokkas
  6 ball pythons
  3 frilled lizards
  12 kobolds
  5 rats
242 creatures vanquished.

Vanquished Creatures (others)
  2 adders (D:4)
  A hobgoblin (D:4)
  2 kobolds (D:4)
  10 fungi
15 creatures vanquished.

Grand Total: 257 creatures vanquished

Notes
Turn   | Place    | Note
-------+----------+-------------------------------------------
     0 | D:1      | Bnni the Formicid Hexslinger began the quest for the Orb.
     0 | D:1      | Reached XP level 1. HP: 15/15 MP: 2/2
   203 | D:1      | Reached XP level 2. HP: 21/21 MP: 3/3
   434 | D:1      | Reached XP level 3. HP: 26/26 MP: 4/4
   438 | D:1      | Learned a level 3 spell: Inner Flame
   665 | D:2      | Noticed Sigmund
   681 | D:2      | Found a faded altar of an unknown god.
   690 | D:2      | Killed Sigmund
   691 | D:2      | Reached skill level 3 in Ranged Weapons
   691 | D:2      | Reached skill level 5 in Hexes
   691 | D:2      | Reached skill level 1 in Fire Magic
   691 | D:2      | Reached XP level 4. HP: 5/33 MP: 1/7
   691 | D:2      | Reached XP level 5. HP: 6/38 MP: 1/8
  1660 | D:3      | Reached XP level 6. HP: 45/45 MP: 9/9
  2138 | D:3      | Learned a level 4 spell: Cause Fear
  2338 | D:3      | Reached XP level 7. HP: 51/51 MP: 10/10
  2340 | D:3      | Noticed Natasha
  2341 | D:3      | Killed Natasha
  2342 | D:3      | Reached skill level 4 in Ranged Weapons
  2431 | D:3      | Noticed Natasha
  2435 | D:3      | Killed Natasha
  2582 | D:3      | Noticed Natasha
  2583 | D:3      | Killed Natasha
  2858 | D:4      | Learned a level 3 spell: Portal Projectile
  3088 | D:4      | Found a shimmering altar of Xom.
  3387 | D:4      | Reached XP level 8. HP: 58/58 MP: 12/12
  3851 | D:4      | Found a radiant altar of Vehumet.
  3924 | D:5      | Entered Level 5 of the Dungeon
  4053 | D:5      | Reached skill level 5 in Ranged Weapons
  4177 | D:5      | HP: 3/60 [poisoned by a scorpion]
  4412 | D:5      | Noticed Pikel
  4434 | D:5      | Killed Pikel
  4435 | D:5      | Reached skill level 1 in Translocations
  4482 | D:5      | Reached skill level 6 in Ranged Weapons
  4482 | D:5      | Reached XP level 9. HP: 66/66 MP: 13/13
  4591 | D:5      | Found a snail-covered altar of Cheibriados.
  5431 | D:5      | Reached skill level 5 in Fighting
  5787 | D:6      | Reached skill level 7 in Ranged Weapons
  5855 | D:6      | Found a staircase to the Ecumenical Temple.
  5872 | Temple   | Entered the Ecumenical Temple
  5881 | Temple   | Became a worshipper of Warmaster Okawaru
  5964 | D:6      | Reached skill level 1 in Invocations
  6259 | D:6      | Found an opulent altar of Gozag.
  6320 | D:6      | Reached * piety under Okawaru
  6321 | D:6      | Reached XP level 10. HP: 76/76 MP: 14/14
  6645 | D:7      | Reached skill level 8 in Ranged Weapons
  6803 | D:7      | You fall into a shaft and drop 1 floor!
  6859 | D:8      | Noticed Gastronok
  6867 | D:8      | Killed Gastronok
  6952 | D:8      | Identified the +1 robe of a treasure trove {rElec rC- SInv}
  6970 | D:8      | Reached skill level 9 in Ranged Weapons
  7057 | D:8      | Noticed a cyclops
  7070 | D:8      | Reached skill level 1 in Shields
  7075 | D:8      | Reached ** piety under Okawaru
  7084 | D:8      | Killed a cyclops
  7085 | D:8      | Reached skill level 10 in Hexes
  7085 | D:8      | Reached XP level 11. HP: 81/84 MP: 10/15
  7101 | D:8      | Reached *** piety under Okawaru
  7102 | D:8      | Reached skill level 5 in Invocations
  7283 | D:7      | Reached skill level 10 in Ranged Weapons
  7615 | D:7      | Found a sacrificial altar of Ru.
  7753 | D:7      | Noticed a two-headed ogre
  7791 | D:7      | Killed a two-headed ogre
  8122 | D:8      | Found Soycoucw's Book Shoppe.
  8326 | D:8      | Reached **** piety under Okawaru
  8545 | D:8      | Found a burning altar of Makhleb.
  8549 | D:8      | Found a blossoming altar of Fedhas.
  9063 | D:9      | Reached skill level 5 in Shields
  9112 | D:9      | Received a gift from Okawaru
  9158 | D:9      | Identified the +3 buckler of Impermeability {MP+9}
  9240 | D:9      | Reached skill level 11 in Ranged Weapons
  9273 | D:9      | Found Dihug's Antique Armour Shop.
  9280 | D:9      | Bought a pair of embroidered gloves for 202 gold pieces
  9280 | D:9      | Bought a pair of runed gloves for 202 gold pieces
  9301 | D:9      | Noticed Maggie
  9310 | D:9      | Killed Maggie
  9378 | D:9      | Noticed Psyche
  9411 | D:9      | Killed Psyche
  9596 | D:9      | Reached XP level 12. HP: 94/94 MP: 17/17
  9795 | D:9      | Identified the +7 short sword "Xuomnec" {flame, rC- Str+9
                  | Int-2 Dex+3}
  9798 | D:9      | Reached ***** piety under Okawaru
  9799 | D:9      | Slain by a white ugly thing

Illustrated notes

Levels and vault maps discovered:
D:1:      dpeg_cavernosity, layout_rooms
D:2:      layout_loops_corners, ebering_ecumenical_altar_webs,
          chequers_serial_rivers_micro_d, uniq_sigmund
D:3:      layout_basic, minmay_misc_feat_encased,
          hangedman_abyss_or_decor_lesser_grid, uniq_natasha
D:4:      layout_basic, mainiacjoe_overflow_alcove_2, xom_confusion_cloud
D:5:      layout_basic, mainiacjoe_overflow_alcove_4, roderic_serpentine_path,
          uniq_pikel
D:6:      layout_basic, mainiacjoe_overflow_tiny_flanked,
          minmay_temple_entry_offerings, serial_aquarium, aquarium_bridge_square
          [aquarium_subvault_wall, aquarium_subvault_window,
          aquarium_subvault_window, aquarium_subvault_bridge],
          aquarium_bridge_straight [aquarium_subvault_bridge,
          aquarium_subvault_window, aquarium_subvault_bridge,
          aquarium_subvault_window], aquarium_window_1,
          aquarium_window_corridor_3, aquarium_window_fake,
          aquarium_window_fake, aquarium_view_2e
D:7:      minmay_chambers_of_sixes, layout_cave_pools,
          mainiacjoe_overflow_alcove_1
D:8:      layout_basic, jmf_multi_god_temple, serial_shops, kennysheep_mini,
          minmay_manual_mess, uniq_gastronok
D:9:      layout_roguey, serial_shops, nicolae_diamond_shop, minmay_evil_grid,
          uniq_maggie, uniq_psyche
Temple:   hellmonk_temple_two_chambers

Skill      XL: |  1  2  3  4  5  6  7  8  9 10 11 |
---------------+----------------------------------+-----
Hexes          | 4 5 6 7 9 10 | 10.0
Fighting       | 2 3 4 6 7 8 |  8.9
Ranged Weapons | 3 4 6 7 9 11 | 11.6
Spellcasting   | 2 3 |  3.0
Fire Magic     | 1 2 3 |  3.0
Translocations | 1 3 |  3.0
Invocations    | 2 4 7 |  7.3
Shields        | 2 5 |  5.0
Dodging        | |  1.7

Action                   |  1- 3 |  4- 6 |  7- 9 | 10-12 || total
-------------------------+-------+-------+-------+-------++-------
Melee: Unarmed           |     4 |       |       |       ||     4
 Fire: Sling             |    61 |    10 |       |       ||    71
       Arbalest          |       |   113 |   104 |       ||   217
       Shortbow          |       |       |   184 |   325 ||   509
 Cast: Slow              |     2 |       |    11 |    24 ||    37
       Inner Flame       |       |       |     5 |    29 ||    34
       Portal Projectile |       |       |     1 |     3 ||     4
       Cause Fear        |       |       |       |     9 ||     9
Invok: Heroism           |       |       |       |     1 ||     1
 Abil: Dig               |       |     1 |     2 |       ||     3
  Use: Potion            |     1 |       |       |       ||     1
       Scroll            |       |       |     8 |     3 ||    11
Armor: Robe              |    19 |    53 |    46 |    16 ||   134
       Steam dragon scal |       |       |       |     3 ||     3
Dodge: Dodged            |    28 |    90 |   105 |    35 ||   258
Block: Buckler           |       |       |       |    24 ||    24

Table legend: (Time is in decaauts)
 A = Elapsed time spent in this place.
 B = Non-inter-level travel time spent in this place.
 C = Inter-level travel time spent in this place.
 D = Time resting spent in this place.
 E = Time spent auto-exploring this place.
 F = Levels seen in this place.
 G = Mean time per level.
                   A        B        C        D        E       F      G
               +--------+--------+--------+--------+--------+-----+--------+
         Total |  10001 |   9640 |    361 |   1445 |   6312 |  10 | 1000.1 |
       Dungeon |   9976 |   9623 |    353 |   1445 |   6312 |   9 | 1108.4 |
        Temple |     24 |     16 |      8 |      0 |      0 |   1 |   24.0 |
               +--------+--------+--------+--------+--------+-----+--------+

Top non-repeatable levels by time:
     D:5: 1701 daAuts
     D:4: 1374 daAuts
     D:8: 1278 daAuts
     D:2: 1267 daAuts
     D:7: 1085 daAuts
     D:6: 998 daAuts
     D:9: 819 daAuts
     D:3: 797 daAuts
     D:1: 653 daAuts
  Temple: 24 daAuts
